SNL (28 & UNDER)
WEST VIRGINIA POWER @ MONTGOMERY BISCUITS
05/23/2025
 
TOP OF THE 1ST
West Virginia Power batting - Pitching for Montgomery Biscuits : RHP Scott Walker
Pitching: RHP Scott Walker
Batting: RHB Norberto Márquez 0-0: Called Strike
0-1: Ground out 6-3 (Groundball, 6M)
Batting: RHB Len Burke 0-0: Ball
1-0: Ground out 4-3 (Groundball, 4)
Batting: RHB Lance Wolf 0-0: Ball
1-0: SINGLE (Line Drive, 8LS)
Batting: RHB Ben Dougherty 0-0: Ball
Throwing error on steal attempt, E2
Lance Wolf to third
1-0: Ball
2-0: Ball
3-0: Base on Balls
Batting: LHB Bernardo Montés 0-0: Called Strike
0-1: Called Strike
0-2: Ball
1-2: Fly out, F8 (Flyball, 8LM)
Top of the 1st over - 0 run(s), 1 hit(s), 1 error(s), 2 left on base; West Virginia 0 - Montgomery 0
BOTTOM OF THE 1ST
Montgomery Biscuits batting - Pitching for West Virginia Power : RHP Xavier Castañera
Pitching: RHP Xavier Castañera
Batting: RHB Warren Martin 0-0: Ground out 5-3 (Groundball, 56)
Batting: RHB Yujiro Kurihara 0-0: Foul Ball, location: 2F
0-1: Ball
1-1: Called Strike
1-2: DOUBLE (Line Drive, 7LM)
Batting: SHB Terry O'Farrell 0-0: Ball
1-0: Called Strike
1-1: Ground out 2-3 (Groundball, 2R)
Yujiro Kurihara to third
Batting: RHB Pete Smith 0-0: Ball
1-0: SINGLE (Groundball, 4MD)
Yujiro Kurihara scores
Batting: LHB Curt Causton 0-0: Ball
1-0: Called Strike
1-1: Foul Ball, location: 2F
1-2: Ground out 1-3 (Groundball, 13S)
Bottom of the 1st over - 1 run(s), 2 hit(s), 0 error(s), 1 left on base; West Virginia 0 - Montgomery 1
TOP OF THE 2ND
West Virginia Power batting - Pitching for Montgomery Biscuits : RHP Scott Walker
Batting: LHB Héctor Soto 0-0: Ball
1-0: Foul Ball, location: 2F
1-1: Fly out, F9 (Flyball, 89M)
Batting: RHB Brett Bell 0-0: Ball
1-0: Foul Ball, location: 2F
1-1: Called Strike
1-2: Foul Ball, location: 2F
1-2: Strikes out swinging
Batting: RHB Gonzalo Gil 0-0: Ball
1-0: Called Strike
1-1: Swinging Strike
1-2: Foul Ball, location: 2F
1-2: Fly out, F6 (Popup, 56D)
Top of the 2nd over - 0 run(s), 0 hit(s), 0 error(s), 0 left on base; West Virginia 0 - Montgomery 1
BOTTOM OF THE 2ND
Montgomery Biscuits batting - Pitching for West Virginia Power : RHP Xavier Castañera
Batting: RHB Peyton Yardley 0-0: Ball
1-0: Ball
2-0: Ball
3-0: Base on Balls
Batting: LHB Curt Walker 0-0: Ball
1-0: Swinging Strike
1-1: Reached on error, E3 (Groundball, 3S)
Peyton Yardley to second
Batting: SHB Lawrence Farley 0-0: Ball
1-0: Ball
2-0: Called Strike
2-1: Called Strike
2-2: Foul Ball, location: 2F
2-2: Strikes out swinging
Batting: RHB Dave Williams 0-0: Ball
Wild Pitch!
Peyton Yardley to third
Curt Walker to second
1-0: Ground out 1-3 (Groundball, 13)
Batting: RHB Warren Martin 0-0: Called Strike
0-1: Ball
1-1: Foul Ball, location: 2F
1-2: SINGLE (Line Drive, 34)
Peyton Yardley scores
Curt Walker to third
Runner from 3rd tries for Home, SAFE, no throw or cutoff
Batting: RHB Yujiro Kurihara 0-0: Swinging Strike
0-1: Ball
1-1: Swinging Strike
1-2: Strikes out swinging
Bottom of the 2nd over - 2 run(s), 1 hit(s), 1 error(s), 1 left on base; West Virginia 0 - Montgomery 3
TOP OF THE 3RD
West Virginia Power batting - Pitching for Montgomery Biscuits : RHP Scott Walker
Batting: RHB Will Lott 0-0: Swinging Strike
0-1: Foul Ball, location: 2F
0-2: Ball
1-2: Ball
2-2: Strikes out looking
Batting: RHB Norberto Márquez 0-0: Called Strike
0-1: Hit by Pitch
Batting: RHB Len Burke 0-0: Ball
1-0: Foul Ball, location: 2F
1-1: Ball
2-1: Ball
3-1: Foul Ball, location: 2F
3-2: Strikes out swinging
Norberto Márquez steals 2nd base
Batter strikes out.
Batting: RHB Lance Wolf 0-0: Called Strike
0-1: Swinging Strike
0-2: Ball
1-2: Ball
2-2: Foul Ball, location: 2F
2-2: Strikes out swinging
Top of the 3rd over - 0 run(s), 0 hit(s), 0 error(s), 1 left on base; West Virginia 0 - Montgomery 3
BOTTOM OF THE 3RD
Montgomery Biscuits batting - Pitching for West Virginia Power : RHP Xavier Castañera
Batting: SHB Terry O'Farrell 0-0: Called Strike
0-1: Foul Ball, location: 2F
0-2: Foul Ball, location: 2F
0-2: Foul Ball, location: 2F
0-2: Foul Ball, location: 2F
0-2: Foul Ball, location: 2F
0-2: Ball
1-2: Ball
2-2: Foul Ball, location: 2F
2-2: Fly out, F6 (Popup, 6D)
Batting: RHB Pete Smith 0-0: Foul Ball, location: 2F
0-1: Fly out, F3 (Popup, 34)
Batting: LHB Curt Causton 0-0: Ball
1-0: SOLO HOME RUN (Flyball, 89XD), Distance : 407 ft
Batting: RHB Peyton Yardley 0-0: Called Strike
0-1: Ball
1-1: SINGLE (Groundball, 56D) (infield hit)
Batting: LHB Curt Walker 0-0: Ball
1-0: Called Strike
1-1: Ball
2-1: Called Strike
2-2: Strikes out swinging
Bottom of the 3rd over - 1 run(s), 2 hit(s), 0 error(s), 1 left on base; West Virginia 0 - Montgomery 4
TOP OF THE 4TH
West Virginia Power batting - Pitching for Montgomery Biscuits : RHP Scott Walker
Batting: RHB Ben Dougherty 0-0: Ball
1-0: Ball
2-0: Swinging Strike
2-1: Swinging Strike
2-2: Foul Ball, location: 2F
2-2: Ball
3-2: SINGLE (Flyball, 7S)
Batting: LHB Bernardo Montés 0-0: Ball
1-0: Foul Ball, location: 2F
1-1: Called Strike
1-2: SINGLE (Line Drive, 7S)
Ben Dougherty to second
Batting: LHB Héctor Soto 0-0: Ball
1-0: Called Strike
1-1: Foul Ball, location: 2F
1-2: Foul Ball, location: 2F
1-2: Foul Ball, location: 2F
1-2: Strikes out swinging
Batting: RHB Brett Bell 0-0: Ball
1-0: Fly out, F9 (Flyball, 89M)
Batting: RHB Gonzalo Gil 0-0: Called Strike
0-1: Foul Ball, location: 2F
0-2: Ball
1-2: Strikes out swinging
Top of the 4th over - 0 run(s), 2 hit(s), 0 error(s), 2 left on base; West Virginia 0 - Montgomery 4
BOTTOM OF THE 4TH
Montgomery Biscuits batting - Pitching for West Virginia Power : RHP Xavier Castañera
Batting: SHB Lawrence Farley 0-0: Foul Ball, location: 2F
0-1: Swinging Strike
0-2: Strikes out swinging
Batting: RHB Dave Williams 0-0: Called Strike
0-1: SINGLE (Line Drive, 6D)
Batting: RHB Warren Martin 0-0: Ball
1-0: Called Strike
Dave Williams steals 2nd base
1-1: Swinging Strike
1-2: Ground out 4-3 (Groundball, 4)
Dave Williams to third
Batting: RHB Yujiro Kurihara 0-0: Ball
1-0: Fly out, F8 (Popup, 8LS)
Bottom of the 4th over - 0 run(s), 1 hit(s), 0 error(s), 1 left on base; West Virginia 0 - Montgomery 4
TOP OF THE 5TH
West Virginia Power batting - Pitching for Montgomery Biscuits : RHP Scott Walker
Batting: RHB Will Lott 0-0: Ball
1-0: Foul Ball, location: 2F
1-1: Ball
2-1: Ball
3-1: Foul Ball, location: 2F
3-2: Ground out 5-3 (Groundball, 5S)
Batting: RHB Norberto Márquez 0-0: Foul Ball, location: 2F
0-1: Foul Ball, location: 2F
0-2: Ball
1-2: Ball
2-2: Foul Ball, location: 2F
2-2: Strikes out swinging
Batting: RHB Len Burke 0-0: Called Strike
0-1: Called Strike
0-2: Ball
1-2: Ground out 4-3 (Groundball, 4MS)
Top of the 5th over - 0 run(s), 0 hit(s), 0 error(s), 0 left on base; West Virginia 0 - Montgomery 4
BOTTOM OF THE 5TH
Montgomery Biscuits batting - Pitching for West Virginia Power : RHP Xavier Castañera
Batting: SHB Terry O'Farrell 0-0: Ball
1-0: Ground out 4-3 (Groundball, 4)
Batting: RHB Pete Smith 0-0: Called Strike
0-1: SINGLE (Line Drive, 4M)
Batting: LHB Curt Causton 0-0: Called Strike
0-1: Ball
1-1: Ball
2-1: Ball
3-1: Base on Balls
Pete Smith to second
Batting: RHB Peyton Yardley 0-0: Ball
1-0: Foul Ball, location: 2F
1-1: Ball
2-1: Called Strike
2-2: Fielders Choice at 2nd, 5-4 (Groundball, 5)
Pete Smith to third
Batting: LHB Curt Walker 0-0: Ball
1-0: Swinging Strike
1-1: Called Strike
1-2: Foul Ball, location: 2F
1-2: Ball
2-2: Fly out, F4 (Popup, 4D)
Bottom of the 5th over - 0 run(s), 1 hit(s), 0 error(s), 2 left on base; West Virginia 0 - Montgomery 4
TOP OF THE 6TH
West Virginia Power batting - Pitching for Montgomery Biscuits : RHP Scott Walker
Batting: RHB Lance Wolf 0-0: Called Strike
0-1: Swinging Strike
0-2: Ball
1-2: Strikes out swinging
Batting: RHB Ben Dougherty 0-0: Ball
1-0: Swinging Strike
1-1: Ground out 6-3 (Groundball, 6)
Batting: LHB Bernardo Montés 0-0: Ball
1-0: Ball
2-0: Called Strike
2-1: Foul Ball, location: 2F
2-2: Ball
3-2: Foul Ball, location: 2F
3-2: Ground out 6-3 (Groundball, 6MS)
Top of the 6th over - 0 run(s), 0 hit(s), 0 error(s), 0 left on base; West Virginia 0 - Montgomery 4
BOTTOM OF THE 6TH
Montgomery Biscuits batting - Pitching for West Virginia Power : RHP Xavier Castañera
Pitching: RHP Mark Osborne
Batting: SHB Lawrence Farley 0-0: Foul Ball, location: 2F
0-1: Ball
1-1: Ball
2-1: Called Strike
2-2: Ball
3-2: Foul Ball, location: 2F
3-2: Strikes out looking
Batting: RHB Dave Williams 0-0: Ball
1-0: Called Strike
1-1: Ball
2-1: SINGLE (Groundball, 6D) (infield hit)
Batting: RHB Warren Martin 0-0: Ball
1-0: Called Strike
1-1: Ball
2-1: Called Strike
2-2: Strikes out swinging
Batting: RHB Yujiro Kurihara 0-0: Ball
1-0: Ball
2-0: Called Strike
2-1: Swinging Strike
2-2: Strikes out swinging
Bottom of the 6th over - 0 run(s), 1 hit(s), 0 error(s), 1 left on base; West Virginia 0 - Montgomery 4
TOP OF THE 7TH
West Virginia Power batting - Pitching for Montgomery Biscuits : RHP Scott Walker
Pitching: LHP Steve Billington
Batting: LHB Héctor Soto 0-0: Ball
1-0: Swinging Strike
1-1: Ball
2-1: Foul Ball, location: 2F
2-2: Strikes out swinging
Batting: RHB Brett Bell 0-0: Called Strike
0-1: Foul Ball, location: 2F
0-2: Strikes out swinging
Batting: RHB Gonzalo Gil 0-0: Called Strike
0-1: Called Strike
0-2: Strikes out looking
Top of the 7th over - 0 run(s), 0 hit(s), 0 error(s), 0 left on base; West Virginia 0 - Montgomery 4
BOTTOM OF THE 7TH
Montgomery Biscuits batting - Pitching for West Virginia Power : RHP Mark Osborne
Batting: SHB Terry O'Farrell 0-0: Ball
1-0: Ball
2-0: Ball
3-0: Base on Balls
Batting: RHB Pete Smith 0-0: Foul Ball, location: 2F
0-1: Swinging Strike
0-2: Strikes out swinging
Batting: LHB Curt Causton 0-0: Swinging Strike
0-1: Foul Ball, location: 2F
0-2: Strikes out swinging
Batting: RHB Peyton Yardley 0-0: Ball
1-0: Foul Ball, location: 2F
1-1: Swinging Strike
1-2: Strikes out looking
Bottom of the 7th over - 0 run(s), 0 hit(s), 0 error(s), 1 left on base; West Virginia 0 - Montgomery 4
TOP OF THE 8TH
West Virginia Power batting - Pitching for Montgomery Biscuits : LHP Steve Billington
Batting: RHB Will Lott 0-0: Called Strike
0-1: Ball
1-1: Ground out 5-3 (Groundball, 5)
Batting: RHB Norberto Márquez 0-0: Called Strike
0-1: Ball
1-1: Ball
2-1: Foul Ball, location: 2F
2-2: Ball
3-2: Base on Balls
Batting: RHB Len Burke 0-0: Ball
1-0: Ball
2-0: Ball
3-0: Called Strike
3-1: Fly out, F9 (Flyball, 9M)
Batting: RHB Lance Wolf 0-0: Ball
1-0: Ball
2-0: Ball
3-0: Called Strike
3-1: Foul Ball, location: 2F
3-2: Foul Ball, location: 2F
3-2: Foul Ball, location: 2F
3-2: SINGLE (Groundball, 5L)
Norberto Márquez to second
Norberto Márquez to third
Pitching: RHP Félix Andrade
Batting: RHB Ben Dougherty 0-0: Ball
1-0: Swinging Strike
1-1: Ball
2-1: Called Strike
2-2: Strikes out swinging
Top of the 8th over - 0 run(s), 1 hit(s), 0 error(s), 2 left on base; West Virginia 0 - Montgomery 4
BOTTOM OF THE 8TH
Montgomery Biscuits batting - Pitching for West Virginia Power : RHP Mark Osborne
Pitching: RHP Germán Hernández
Batting: LHB Curt Walker 0-0: Called Strike
0-1: Fly out, F3 (Popup, 3F)
Batting: SHB Lawrence Farley 0-0: Ground out 1-3 (Groundball, 15S)
Batting: RHB Dave Williams 0-0: Ground out 4-3 (Groundball, 4)
Bottom of the 8th over - 0 run(s), 0 hit(s), 0 error(s), 0 left on base; West Virginia 0 - Montgomery 4
TOP OF THE 9TH
West Virginia Power batting - Pitching for Montgomery Biscuits : RHP Félix Andrade
Batting: LHB Bernardo Montés 0-0: Swinging Strike
0-1: Ball
1-1: Swinging Strike
1-2: Strikes out swinging
Batting: LHB Héctor Soto 0-0: Fly out, F5 (Popup, 5F)
Batting: RHB Brett Bell 0-0: Called Strike
0-1: Fly out, F8 (Flyball, 8LM)
Top of the 9th over - 0 run(s), 0 hit(s), 0 error(s), 0 left on base; West Virginia 0 - Montgomery 4
This league is powered by Out of the Park Baseball, the baseball management simulation game for PC, Mac and Linux
Tuesday, August 2nd, 2016 - OOTP Baseball 16.8 Build 38